 Dungeon Crawl Stone Soup version 0.28-a0-1356-g2ad6d04315 (webtiles) character file.

Game seed: 1881445185324441808

90391 Armakuni the Destroyer (level 15, -16/92 HPs)
             Began as a Deep Elf Conjurer on Dec 30, 2021.
             Was the Champion of Vehumet.
             Demolished by Donald (29 damage)
             ... on level 1 of the Spider Nest.
             The game lasted 01:38:16 (30191 turns).

Armakuni the Destroyer (Deep Elf Conjurer)         Turns: 30191, Time: 01:38:17

Health: -16/92     AC:  5    Str: 10    XL:     15   Next: 52%
Magic:  33/33      EV: 14    Int: 25    God:    Vehumet [******]
Gold:   1810       SH:  0    Dex: 13    Spells: 7/39 levels left

rFire   . . .      SeeInvis .   v - staff of poison
rCold   . . .      Faith    .   (no shield)
rNeg    . . .      Spirit   .   m - +0 troll leather armour
rPois   +          Reflect  .   S - +2 hat {Will+}
rElec   .          Harm     .   n - +0 cloak
rCorr   .          Rampage  .   (no gloves)
Will    +++..                   T - +0 pair of boots
Stlth   +.........              R - amulet of regeneration
HPRegen 1.85/turn               W - ring of willpower
MPRegen 0.23/turn               M - ring of wizardry

@: brilliant, unable to drink, corroded, glowing, studying Fire Magic
A: no striking features
a: Renounce Religion


You were on level 1 of the Spider Nest.
You worshipped Vehumet.
Vehumet was exalted by your worship.
You visited 5 branches of the dungeon, and saw 22 of its levels.
You also visited: Sewer, Bailey and Gauntlet.

You collected 2421 gold pieces.
You spent 611 gold pieces at shops.

Inventory:

Missiles
 t - 8 curare-tipped darts (quivered)
 u - a throwing net
Armour
 m - a +0 troll leather armour (worn)
 n - a +0 cloak (worn)
 S - a +2 hat of willpower (worn)
 T - a +0 pair of boots (worn)
Magical Staves
 a - a staff of conjuration
 b - a staff of cold
 v - a staff of poison (weapon)
Jewellery
 C - a ring of flight
 F - a ring of protection from fire
 J - a ring of ice
 M - a ring of wizardry (right hand)
 Q - a ring of protection from cold
 R - an amulet of regeneration (around neck)
 W - a ring of willpower (left hand)
Wands
 c - a wand of charming (5)
 k - a wand of digging (14)
 p - a wand of polymorph (15)
 y - a wand of flame (33)
Scrolls
 h - 3 scrolls of blinking
 i - 3 scrolls of immolation
 j - a scroll of holy word
 l - 3 scrolls of enchant armour
 q - a scroll of silence
 r - 2 scrolls of vulnerability
 w - 3 scrolls of teleportation
 z - 3 scrolls of enchant weapon
 B - 2 scrolls of amnesia
 G - 5 scrolls of fear
 H - 4 scrolls of identify
 O - 3 scrolls of fog
 V - a scroll of brand weapon
Potions
 d - a potion of flight
 f - 2 potions of magic
 g - 7 potions of curing
 x - 2 potions of heal wounds
 A - 2 potions of lignification
 D - 3 potions of might
 E - a potion of berserk rage
 I - 5 potions of mutation
 L - a potion of haste
Miscellaneous
 s - a box of beasts (inert)
 K - a phantom mirror (inert)


   Skills:
 - Level 10.0 Fighting
 - Level 10.8 Staves
 - Level 4.5 Armour
 - Level 6.8 Dodging
 - Level 2.4 Stealth
 + Level 12.6 Spellcasting
 - Level 14.3 Conjurations
 - Level 4.0 Hexes
 - Level 9.4 Fire Magic
 - Level 10.0 Ice Magic
 - Level 10.0 Evocations


You had 7 spell levels left.
You knew the following spells:

 Your Spells              Type           Power      Damage    Failure   Level
b - Starburst             Conj/Fire      42%        6d12      1%          6
h - Hailstorm             Conj/Ice       86%        3d17      1%          4
i - Inner Flame           Hex/Fire       65%        N/A       1%          3
m - Iskenderun's Mystic   Conj/Tloc      67%        2d14      1%          4
p - Fulminant Prism       Conj/Hex       37%        3d18      1%          4
r - Ozocubu's Refrigerat  Ice            39%        4d12      8%          7
s - Sticky Flame          Conj/Fire      85%        2d10      1%          4

Your spell library contained the following spells:

 Spells                   Type           Power      Damage    Failure   Level
 Magic Dart               Conj           100%       1d8       0%          1
 Searing Ray              Conj           100%       2d8       0%          2
 Dazzling Flash           Conj/Hex       100%       N/A       1%          3
 Freezing Cloud           Conj/Ice/Air   35%        6-21      1%          5
 Corpse Rot               Necr/Air       46%        N/A       3%          2
 Animate Dead             Necr           11%        N/A       21%         4
 Dispel Undead            Necr           23%        3d12      21%         4
 Borgnjor's Vile Clutch   Necr/Erth      11%        N/A       45%         5
 Death Channel            Necr           11%        N/A       95%         6
 Fire Storm               Conj/Fire      42%        8d11      95%         9
 Chain Lightning          Conj/Air       33%        3d44      100%        9
 Shatter                  Erth           11%        3d12*     100%        9


Dungeon Overview and Level Annotations

Branches:
Dungeon (12/15)            Temple (1/1) D:6            Lair (6/6) D:9
 Shoals (0/4) Lair:4       Spider (1/4) Lair:3        Slime (0/5) Lair:6
    Orc (2/2) D:11            Elf (0/3) Orc:2         Sewer (visited)
 Bailey (visited)         Gauntlet (visited)

Altars:
Ashenzari
Cheibriados
Dithmenos
Elyvilon
Fedhas
Gozag
Hepliaklqana
Kikubaaqudgha
Makhleb
Nemelex Xobeh
Okawaru
Qazlal
Ru
Sif Muna
Trog
Uskayaw
Vehumet
Wu Jian
Xom
Yredelemnul
Zin
The Shining One
Beogh

Shops:
D:1 !   Orc:2 *[*

Annotations:
Spider:1 Donald


Message History

Casting: Ozocubu's Refrigeration (dangerous; 8% risk of failure)
Confirm with . or Enter, or press ? or * to list all spells.
You feel a surge of power!
The heat is drained from your surroundings.
You feel very cold. The monsters around you are frozen!
Donald is severely wounded.
You kill the orb spider!
Vehumet accepts your kill.
You feel your power returning.
The entropy weaver is almost dead.
The boulder beetle is heavily wounded.
The sun moth is severely wounded.
You kill the redback!
Vehumet accepts your kill.
The emperor scorpion is heavily wounded.
You kill the torpor snail!
Vehumet accepts your kill.
You kill the redback!
Vehumet accepts your kill.
You kill the tarantella!
Vehumet accepts your kill.
You kill the culicivora!
Vehumet accepts your kill.
You kill the orb spider!
Vehumet accepts your kill.
You kill the culicivora!
Vehumet accepts your kill.
You feel yourself speed up. The emperor scorpion stings you.
* * * LOW HITPOINT WARNING * * *
The emperor scorpion claws you.
* * * LOW HITPOINT WARNING * * *
The emperor scorpion claws you.
* * * LOW HITPOINT WARNING * * *
The sun moth throws energy at you. The bolt of energy misses you.
The entropy weaver casts a spell at you.
The entropic weave corrodes you!
Donald hits you with a +3 double sword of protection!!
You die...

....... ...#...
.#..... .......
.......####
..........#
......@.y.##
......B@s..#
.......†††.#
.......B#......
....=.....†....
......... .....
....^..^..$.^..
......°... ....
.......#.......


You could see an emperor scorpion, Donald (strong), a sun moth, a boulder beetle
and an entropy weaver.

Vanquished Creatures
  Gastronok (D:11)
  A vampire knight (D:12)
  A minotaur (Gauntlet)
  An ettin (Orc:1)
  Fannar (Lair:2)
  A centaur warrior (D:12)
  3 ogre magi
  A boulder beetle (Lair:6)
  8 hydras
  Erica (Lair:1)
  A catoblepas (Lair:4)
  A death scarab (Gauntlet)
  10 two-headed ogres
  A death yak (Lair:5)
  An orc high priest (Orc:1)
  Nergalle (D:11)
  2 deep trolls (Orc:2)
  2 orb spiders (Spider:1)
  A flayed ghost (D:12)
  A lindwurm (Lair:6)
  An orc knight (Orc:1)
  A phantasmal warrior (D:12)
  4 ugly things (D:12)
  2 orc sorcerers (Orc:1)
  4 cyclopes
  A wolf spider (D:12)
  An oklob plant (Lair:6)
  6 elephants
  2 manticores
  13 black mambas
  A molten gargoyle (Lair:6)
  6 centaur zombies
  Maurice (D:8)
  2 torpor snails
  4 cane toads
  3 gargoyles (D:12)
  15 komodo dragons
  2 kobold demonologists
  2 unseen horrors (D:12)
  3 rime drakes
  12 trolls
  4 polar bears
  A meliai (Lair:3)
  Prince Ribbit (D:6)
  5 tarantellas (Spider:1)
  Grinder (D:3)
  6 blink frogs
  3 slime creatures (D:10)
  A raiju (Gauntlet)
  6 dream sheep (Lair:6)
  48 yaks
  3 shadows
  A wraith (D:12)
  4 culicivoras (Spider:1)
  A yak (shapeshifter) (D:12)
  A spectral komodo dragon (Gauntlet)
  6 basilisks
  4 redbacks (Spider:1)
  Eustachio (D:6)
  9 wyverns
  5 wargs
  6 steam dragons
  6 vampire mosquitoes
  2 acid dragons
  7 hell hounds
  11 water moccasins
  29 orc warriors
  A black bear (D:8)
  3 sky beasts
  An ice beast (D:6)
  2 necrophages
  16 wolves
  26 ogres
  22 centaurs
  A phantom (D:5)
  2 kobold brigands (D:9)
  Blork the orc (D:4)
  12 bullfrogs
  2 scorpions
  A water moccasin zombie (D:5)
  5 killer bees (D:8)
  5 electric eels
  7 wights
  A howler monkey (D:8)
  5 lava snakes (Lair:6)
  A hound (D:7)
  2 jellies
  7 orc priests
  A bullfrog skeleton (D:5)
  A gnoll shaman (D:10)
  Jessica (D:2)
  Natasha (D:4)
  4 iguanas
  16 orc wizards
  2 howler monkey zombies
  9 gnolls
  11 adders
  A shadow imp (D:6)
  A white imp (D:7)
  3 ufetubi
  5 worms
  3 dart slugs
  78 orcs
  11 ball pythons
  12 endoplasms
  10 giant cockroaches
  6 goblins
  7 hobgoblins
  2 jackals (D:1)
  11 quokkas
  6 bats
  9 frilled lizards
  23 kobolds
  3 rats
  A butterfly (Lair:2)
  A fulminant prism (Lair:2)
660 creatures vanquished.

Vanquished Creatures (collateral kills)
  A fire dragon (Lair:6)
  A wretched star (Gauntlet)
  A skeletal warrior (D:12)
  An ugly thing (D:12)
  A molten gargoyle (Lair:6)
  A vampire (D:12)
  A water moccasin (Lair:2)
7 creatures vanquished.

Vanquished Creatures (others)
  A komodo dragon (D:12)
  A water moccasin (Lair:2)
  145 fulminant prisms
  73 fungi
  77 plants
297 creatures vanquished.

Grand Total: 964 creatures vanquished

Notes
Turn   | Place    | Note
-------+----------+-------------------------------------------
     0 | D:1      | Armakuni the Deep Elf Conjurer began the quest for the Orb.
     0 | D:1      | Reached XP level 1. HP: 10/10 MP: 6/6
   167 | D:1      | Noticed a shining eye
   169 | D:1      | Found a faded altar of an unknown god.
   171 | D:1      | Noticed a floating eye
   171 | D:1      | Noticed a shining eye
   171 | D:1      | Noticed a floating eye
   206 | D:1      | Reached XP level 2. HP: 15/15 MP: 3/8
   558 | D:1      | Learned a level 2 spell: Searing Ray
   756 | D:1      | Found Lumilosu's Distillery.
  1006 | D:1      | Reached XP level 3. HP: 18/19 MP: 6/10
  1245 | D:1      | Reached skill level 5 in Conjurations
  1577 | D:2      | Reached XP level 4. HP: 24/24 MP: 2/12
  1853 | D:2      | Noticed Jessica
  1857 | D:2      | Killed Jessica
  1858 | D:2      | Reached skill level 5 in Spellcasting
  2332 | D:3      | Found a glowing drain.
  2352 | Sewer    | Entered a sewer
  2473 | Sewer    | Learned a level 4 spell: Fulminant Prism
  2581 | Sewer    | Reached XP level 5. HP: 28/28 MP: 9/14
  2626 | Sewer    | Learned a level 4 spell: Iskenderun's Mystic Blast
  2821 | Sewer    | Reached skill level 1 in Hexes
  3027 | Sewer    | Reached skill level 6 in Conjurations
  3046 | Sewer    | Reached XP level 6. HP: 22/32 MP: 6/17
  3333 | D:3      | Noticed Grinder
  3350 | D:3      | Paralysed by Grinder for 2 turns
  3357 | D:3      | Killed Grinder
  3641 | D:3      | Reached XP level 7. HP: 36/36 MP: 14/19
  4015 | D:4      | Reached skill level 7 in Conjurations
  4283 | D:4      | Noticed Natasha
  4286 | D:4      | Killed Natasha
  4401 | D:4      | Noticed Blork the orc
  4409 | D:4      | Killed Blork the orc
  5287 | D:5      | Entered Level 5 of the Dungeon
  5460 | D:5      | Reached skill level 8 in Conjurations
  5460 | D:5      | Reached XP level 8. HP: 36/41 MP: 8/22
  5918 | D:6      | Found a staircase to the Ecumenical Temple.
  5927 | Temple   | Entered the Ecumenical Temple
  6136 | Temple   | Became a worshipper of Vehumet
  6176 | D:6      | Noticed Prince Ribbit
  6182 | D:6      | Killed Prince Ribbit
  6348 | D:6      | Noticed Eustachio
  6357 | D:6      | Reached skill level 9 in Conjurations
  6357 | D:6      | Killed Eustachio
  6358 | D:6      | Reached skill level 10 in Spellcasting
  6646 | D:6      | Reached skill level 10 in Conjurations
  6646 | D:6      | Reached skill level 1 in Ice Magic
  6882 | D:6      | Reached skill level 1 in Staves
  6882 | D:6      | Reached XP level 9. HP: 39/46 MP: 17/25
  6952 | D:6      | Reached skill level 1 in Fighting
  7266 | D:6      | Reached * piety under Vehumet
  7266 | D:6      | Offered knowledge of Freeze by Vehumet.
  7999 | D:7      | Reached skill level 5 in Ice Magic
  8094 | D:7      | Found a snail-covered altar of Cheibriados.
  8095 | D:7      | Found a sparkling altar of Nemelex Xobeh.
  8111 | D:7      | Reached XP level 10. HP: 48/56 MP: 13/26
  8414 | D:7      | Found a hazy altar of Hepliaklqana.
  8911 | D:8      | Reached skill level 5 in Staves
  8920 | D:8      | Noticed Maurice
  8932 | D:8      | Killed Maurice
  9511 | D:8      | Reached ** piety under Vehumet
  9513 | D:8      | Offered knowledge of Poisonous Vapours by Vehumet.
  9637 | D:8      | Reached skill level 5 in Fighting
 10683 | D:9      | Offered knowledge of Scorch by Vehumet.
 10821 | D:9      | Identified the +1 helmet of the Maze {-Tele Rampage Will+++
                  | Stlth+}
 11238 | D:9      | Reached XP level 11. HP: 64/64 MP: 16/27
 11345 | D:9      | Found a staircase to the Lair.
 11467 | D:10     | Entered Level 10 of the Dungeon
 11473 | D:10     | Found a flagged portal.
 11482 | Bailey   | Entered a bailey
 11530 | Bailey   | Reached *** piety under Vehumet
 12822 | Bailey   | Learned a level 6 spell: Starburst
 12822 | Bailey   | Reached XP level 12. HP: 71/71 MP: 28/28
 13180 | Lair:1   | Entered Level 1 of the Lair of Beasts
 13361 | Lair:1   | Offered knowledge of Sticky Flame by Vehumet.
 13367 | Lair:1   | Learned a level 4 spell: Sticky Flame
 13831 | Lair:1   | Noticed Erica
 13838 | Lair:1   | Killed Erica
 14723 | Lair:2   | Noticed a four-headed hydra
 14939 | Lair:2   | Reached skill level 10 in Ice Magic
 15543 | Lair:2   | Noticed Fannar
 15703 | Lair:2   | Killed Fannar
 15944 | Lair:2   | Killed a four-headed hydra
 16038 | Lair:2   | Reached **** piety under Vehumet
 16039 | Lair:2   | Reached XP level 13. HP: 40/79 MP: 29/29
 16054 | Lair:2   | Reached skill level 10 in Staves
 16062 | Lair:2   | Offered knowledge of Inner Flame by Vehumet.
 16137 | Lair:2   | Learned a level 3 spell: Inner Flame
 16497 | Lair:2   | Identified the +6 flail "Gaige" {spect, rC++}
 17837 | Lair:3   | Found a hole to the Spider Nest.
 18658 | Lair:4   | Found a staircase to the Shoals.
 18969 | Lair:4   | Reached skill level 1 in Evocations
 20511 | Lair:6   | Entered Level 6 of the Lair of Beasts
 20879 | Lair:6   | Reached skill level 10 in Fighting
 20891 | Lair:6   | Reached skill level 5 in Evocations
 21167 | Lair:6   | Reached ***** piety under Vehumet
 21318 | Lair:6   | Offered knowledge of Hailstorm by Vehumet.
 21324 | Lair:6   | Learned a level 4 spell: Hailstorm
 21638 | Lair:6   | Reached XP level 14. HP: 54/88 MP: 3/30
 21945 | Lair:6   | Found a large runed translucent door.
 22257 | Lair:6   | Found a staircase to the Slime Pits.
 22378 | Lair:6   | Reached skill level 5 in Dodging
 22616 | Lair:6   | Found a large runed translucent door.
 23614 | D:10     | Found a white marble altar of Elyvilon.
 23834 | D:10     | Offered knowledge of Freezing Cloud by Vehumet.
 23841 | D:10     | Learned a level 5 spell: Freezing Cloud
 24121 | D:10     | Found an iron altar of Okawaru.
 24122 | D:10     | Found a broken altar of Ashenzari.
 24402 | D:11     | Noticed Sonja
 24404 | D:11     | Noticed Sonja
 24404 | D:11     | Sonja changed into Sonja the warg
 24411 | D:11     | Killed Sonja the warg
 24619 | D:11     | Noticed Gastronok
 24628 | D:11     | Noticed Nergalle
 24632 | D:11     | Killed Gastronok
 24640 | D:11     | Killed Nergalle
 24881 | D:11     | Found a staircase to the Orcish Mines.
 25270 | Orc:1    | Entered Level 1 of the Orcish Mines
 25906 | Orc:2    | Entered Level 2 of the Orcish Mines
 25931 | Orc:2    | Reached skill level 11 in Conjurations
 25931 | Orc:2    | Reached skill level 10 in Evocations
 26043 | Orc:2    | Reached skill level 12 in Conjurations
 26111 | Orc:2    | Reached skill level 13 in Conjurations
 26111 | Orc:2    | Reached XP level 15. HP: 69/92 MP: 12/33
 26328 | Orc:2    | Found Kanoen's General Store.
 26330 | Orc:2    | Found Fugusob's General Store.
 26346 | Orc:2    | Bought a scroll of enchant armour for 120 gold pieces
 26346 | Orc:2    | Bought a scroll of teleportation for 48 gold pieces
 26346 | Orc:2    | Bought a scroll of teleportation for 48 gold pieces
 26346 | Orc:2    | Bought a scroll of fog for 32 gold pieces
 26348 | Orc:2    | Found Epeupi's Book Boutique.
 26349 | Orc:2    | Found Hyheikhi's Antique Armour Shop.
 26351 | Orc:2    | Bought a scroll of fear for 42 gold pieces
 26351 | Orc:2    | Bought a scroll of fear for 42 gold pieces
 26500 | Orc:2    | Found a staircase to the Elven Halls.
 26747 | Orc:1    | Offered knowledge of Ozocubu's Refrigeration by Vehumet.
 26749 | Orc:1    | Reached skill level 1 in Armour
 27002 | Orc:2    | Bought an ichor-stained ring mail for 279 gold pieces
 27002 | Orc:2    | Identified the +0 ring mail of Intuition {Rampage rPois
                  | Int-5 Dex+7} (You bought it in a shop on level 2 of the
                  | Orcish Mines)
 27094 | D:12     | Found a gate leading to a gauntlet.
 27104 | Gauntlet | Entered a Gauntlet
 27104 | Gauntlet | Found a transporter.
 27104 | Gauntlet | Found a transporter.
 27104 | Gauntlet | Found a transporter.
 27105 | Gauntlet | Found a transporter.
 27107 | Gauntlet | Found a transporter.
 27109 | Gauntlet | Found a transporter.
 27116 | Gauntlet | Found a transporter.
 27118 | Gauntlet | Found a transporter.
 27118 | Gauntlet | Found a transporter.
 27120 | Gauntlet | Found a transporter.
 27120 | Gauntlet | Found a large runed translucent door.
 27121 | Gauntlet | Found a large runed translucent door.
 27122 | Gauntlet | Found a large runed translucent door.
 27122 | Gauntlet | Found a large runed translucent door.
 27122 | Gauntlet | Found a runed translucent door.
 27123 | Gauntlet | Found a large runed translucent door.
 27124 | Gauntlet | Found a large runed translucent door.
 27125 | Gauntlet | Found a large runed translucent door.
 27125 | Gauntlet | Found a large runed translucent door.
 27126 | Gauntlet | Found a runed translucent gate.
 27126 | Gauntlet | Found a runed translucent gate.
 27128 | Gauntlet | Found a transporter.
 27136 | Gauntlet | Found a runed translucent gate.
 27136 | Gauntlet | Found a runed translucent door.
 27137 | Gauntlet | Found a large runed translucent door.
 27137 | Gauntlet | Found a large runed translucent door.
 27138 | Gauntlet | Found a large runed translucent door.
 27139 | Gauntlet | Found a large runed translucent door.
 27148 | Gauntlet | Found a large runed translucent door.
 27148 | Gauntlet | Found a large runed translucent door.
 27149 | Gauntlet | Found a large runed translucent door.
 27150 | Gauntlet | Found a large runed translucent door.
 27231 | Gauntlet | Found a transporter.
 27463 | Gauntlet | Identified the +0 helmet "Axusasun" {Str+4}
 28525 | D:12     | Reached skill level 14 in Conjurations
 28587 | D:12     | Noticed a caustic shrike
 28594 | D:12     | Noticed a titan
 28594 | D:12     | a caustic shrike changed into a titan
 29023 | Spider:1 | Entered Level 1 of the Spider Nest
 29026 | Spider:1 | Noticed an emperor scorpion
 29635 | D:12     | Learned a level 7 spell: Ozocubu's Refrigeration
 29798 | D:12     | Identified the +4 leather armour "Vuub" {Will+}
 29985 | D:12     | Identified the +5 plate armour "Ihithruz" {rCorr}
 30189 | Spider:1 | Noticed Donald
 30191 | Spider:1 | Reached ****** piety under Vehumet
 30191 | Spider:1 | Demolished by Donald

Illustrated notes

Levels and vault maps discovered:
D:1:      dpeg_arrival_boxes_within_box, layout_basic, serial_shops,
          nicolae_square_shop, hellmonk_ecumenical_altar_watching_god,
          st_stairs_4
D:2:      layout_loops_ring, uniq_jessica
D:3:      layout_basic, portal_sewer_entry_f, nicolae_wormholes, uniq_grinder
D:4:      layout_basic, serial_park_tiny_pond, uniq_natasha, uniq_blork_the_orc
D:5:      layout_rooms
D:6:      layout_cave_pods, minmay_temple_entry_trees, grunt_potential,
          uniq_eustachio, uniq_prince_ribbit1
D:7:      layout_loops_ring, nicolae_overflow_squiral,
          nicolae_hepliaklqana_hippocampus
D:8:      layout_rooms, kennysheep_potato, uniq_maurice
D:9:      layout_irregular_city, erik_lair_dragon
D:10:     layout_roguey, chequers_temple_overflow_statue_of_worship,
          mainiacjoe_overflow_surrounded_room, enter_bailey_2
D:11:     layout_gridville, david_orc_2, uniq_sonja, uniq_gastronok,
          uniq_nergalle
D:12:     evilmike_diamond_1, layout_basic, gauntlet_entry_generic
Temple:   eino_temple_rhombus
Lair:1:   layout_cave_pods, portal_ice_cave_entry_pillars_2,
          nicolae_quartered_pool_impasse, minmay_holes, disabler_island,
          uniq_erica
Lair:2:   layout_loops_ring, lemuel_fruit_fields, uniq_fannar
Lair:3:   layout_chaotic_city, spider_nest_entry_web_field, minivault_23
Lair:4:   layout_gridlike, shoals_dummy_entry, lemuel_old_faithful
Lair:5:   layout_loops_ring, enter_volcano_3
Lair:6:   cheibrodos_lair_end_hotspot, layout_gridlike,
          minmay_slime_entry_oklob_enclosed, st_stairs_11
Spider:1: layout_spider_delve, nicolae_spider_bzzzt, uniq_donald
Orc:1:    layout_caves
Orc:2:    st_orc_open, layout_caves, basic_altar

Skill      XL: |  1  2  3  4  5  6  7  8  9 10 11 12 13 14 15 |
---------------+----------------------------------------------+-----
Spellcasting   | 4 5 6 8 10 12 | 12.6
Conjurations   | 5 6 8 10 13 14 | 14.3
Hexes          | 2 3 4 |  4.0
Ice Magic      | 2 5 8 10 | 10.0
Staves         | 1 4 7 9 10 | 10.8
Fighting       | 4 5 6 8 10 | 10.0
Fire Magic     | 9 |  9.4
Evocations     | 7 10 | 10.0
Dodging        | 4 6 |  6.8
Armour         | 4 |  4.5
Stealth        | |  2.4

Action                   |  1- 3 |  4- 6 |  7- 9 | 10-12 | 13-15 || total
-------------------------+-------+-------+-------+-------+-------++-------
Melee: Staff             |       |     3 |    10 |    24 |   236 ||   273
Throw: Dart              |       |       |       |       |     8 ||     8
 Cast: Magic Dart        |    28 |       |       |       |       ||    28
       Searing Ray       |    20 |    49 |    63 |    80 |    42 ||   254
       Fulminant Prism   |       |       |    17 |    96 |    33 ||   146
       Iskenderun's Myst |       |       |     5 |    36 |    76 ||   117
       Sticky Flame      |       |       |       |    10 |    73 ||    83
       Starburst         |       |       |       |       |   125 ||   125
       Freezing Cloud    |       |       |       |       |    27 ||    27
       Ozocubu's Refrige |       |       |       |       |     2 ||     2
Evoke: Wand              |       |       |     2 |    29 |    30 ||    61
       Box of beasts     |       |       |       |     1 |     3 ||     4
       Phantom mirror    |       |       |       |       |     2 ||     2
  Use: Scroll            |       |     9 |     6 |     5 |    14 ||    34
       Potion            |       |     1 |     1 |     3 |     5 ||    10
Armor: Robe              |     5 |     3 |     8 |    34 |    39 ||    89
       Skin              |       |     1 |    10 |       |       ||    11
       Steam dragon scal |       |       |       |       |    45 ||    45
       Troll leather arm |       |       |       |       |    30 ||    30
Dodge: Dodged            |     3 |    13 |    30 |    82 |   269 ||   397

Table legend: (Time is in decaauts)
 A = Elapsed time spent in this place.
 B = Non-inter-level travel time spent in this place.
 C = Inter-level travel time spent in this place.
 D = Time resting spent in this place.
 E = Time spent auto-exploring this place.
 F = Levels seen in this place.
 G = Mean time per level.
                   A        B        C        D        E       F      G
               +--------+--------+--------+--------+--------+-----+--------+
         Total |  30241 |  28274 |   1967 |   8601 |  14253 |  25 | 1209.6 |
       Dungeon |  14838 |  13831 |   1007 |   3443 |   8006 |  12 | 1236.5 |
        Temple |    215 |    203 |     12 |      0 |    172 |   1 |  215.0 |
          Lair |  10467 |   9626 |    841 |   3269 |   4626 |   6 | 1744.5 |
   Spider Nest |     10 |     10 |      0 |      0 |      0 |   1 |   10.0 |
  Orcish Mines |   1675 |   1570 |    105 |    583 |    636 |   2 |  837.5 |
         Sewer |    870 |    870 |      0 |    517 |    168 |   1 |  870.0 |
        Bailey |   1532 |   1532 |      0 |    642 |    429 |   1 | 1532.0 |
      Gauntlet |    631 |    631 |      0 |    147 |    215 |   1 |  631.0 |
               +--------+--------+--------+--------+--------+-----+--------+

Top non-repeatable levels by time:
  Lair:6: 2527 daAuts
  Lair:2: 1999 daAuts
     D:9: 1959 daAuts
  Lair:1: 1862 daAuts
    D:12: 1686 daAuts
     D:6: 1685 daAuts
  Lair:3: 1618 daAuts
  Bailey: 1532 daAuts
     D:4: 1461 daAuts
     D:1: 1408 daAuts
  Lair:5: 1380 daAuts
     D:7: 1274 daAuts
    D:11: 1147 daAuts
  Lair:4: 1079 daAuts
    D:10: 1060 daAuts
